 Dungeon Crawl Stone Soup version 0.23-a0-643-g9ccc95a (webtiles) character file.

60 dondy the Chiller (level 4, 5/30 HPs)
             Began as a Merfolk Ice Elementalist on Dec 31, 2018.
             Quit the game on level 2 of the Dungeon.
             The game lasted 00:05:50 (2107 turns).

dondy the Chiller (Merfolk Ice Elementalist)        Turns: 2107, Time: 00:05:51

Health: 5/30       AC:  8    Str:  8    XL:     4   Next: 6%
Magic:  4/8        EV: 13    Int: 15    God:
Gold:   45         SH:  0    Dex: 14    Spells: 5/9 levels left

rFire    + . .     SeeInvis .   (no weapon)
rCold    . . .     Gourm    .   (no shield)
rNeg     . . .     Faith    .   g - +0 robe (curse)
rPois    .         Spirit   .   (no helmet)
rElec    .         Reflect  .   (no cloak)
rCorr    .         Harm     .   (no gloves)
MR       .....                  h - +0 pair of boots
Stlth    ++........             (no amulet)
HPRegen  0.10/turn              d - ring of protection from fire
MPRegen  0.11/turn              (no ring)

@: icy armour
A: change form in water, swift swim, stealthy swim
a: no special abilities


You were on level 2 of the Dungeon.
You were hungry.

You visited 1 branch of the dungeon, and saw 2 of its levels.

You collected 45 gold pieces.

Inventory:

Armour
 g - a cursed +0 robe (worn)
 h - a +0 pair of boots (worn)
Jewellery
 d - a ring of protection from fire (left hand)
Scrolls
 a - a scroll of enchant armour
 f - a scroll of remove curse
Potions
 e - 2 potions of brilliance
 i - 2 potions of cancellation
Comestibles
 c - 4 rations
 j - 7 chunks of flesh


   Skills:
 + Level 2.9 Dodging
 - Level 2.1 Stealth
 + Level 3.0 Spellcasting
   Level 0.7 Conjurations
 + Level 4.4 Ice Magic


You had 5 spell levels left.
You knew the following spells:

 Your Spells              Type           Power        Failure   Level  Hunger
a - Freeze                Ice            ###.         3%          1    #......
b - Ozocubu's Armour      Chrm/Ice       #.......     24%         3    ###....

Your spell library contained the following spells:

 Spells                   Type           Power        Failure   Level  Hunger
 Throw Frost              Conj/Ice       #.....       11%         2    ##.....
 Throw Icicle             Conj/Ice       #.......     56%         4    #####..
 Summon Ice Beast         Ice/Summ       #.......     63%         4    #####..


Dungeon Overview and Level Annotations

Branches:
Dungeon (2/15)

Altars:


Message History

The bullfrog skeleton closely misses you.
The bullfrog skeleton hits you.
As you read the scroll labeled MAZILU NAFOA, it crumbles to dust.
It is a scroll of identify.
e - 2 potions of brilliance The bullfrog skeleton hits you.
* * * LOW HITPOINT WARNING * * *
As you read the scroll of identify, it crumbles to dust.
i - 2 potions of cancellation The bullfrog skeleton hits you but does no damage.
As you read the scroll of identify, it crumbles to dust.
a - a scroll of enchant armour The bullfrog skeleton completely misses you.
The bullfrog skeleton hits you.
* * * LOW HITPOINT WARNING * * *
As you read the scroll of identify, it crumbles to dust.
f - a scroll of remove curse The bullfrog skeleton barely misses you.
Okay, then.
Are you sure you want to abandon this character and quit the game? (Confirm

######### #.......#
#.......# ##### #.......#
#...# ### ## #.......##
#...# #.# .######...###
#...## #@# ..# #.#.# #
#....# #Z###..### #.#.###
#....### #..#.....#
#(#...# ###....#####...###
###......
#.##..>..##....#.#.......#
#.######....#..#.......>.#
#.# ####.###..##.......(.
#####.####...^..
......###...#
#..........##.###.Z#..#
##....


You could see a bullfrog skeleton.

Vanquished Creatures
  An adder (D:1)
  An ooze (D:1)
  2 worms (D:2)
  A leopard gecko (D:2)
  2 ball pythons (D:2)
  9 bats
  4 giant cockroaches
  5 goblins
  6 hobgoblins
  A frilled lizard (D:1)
  2 kobolds
  2 rats
36 creatures vanquished.

Notes
Turn   | Place    | Note
-------+----------+-------------------------------------------
     0 | D:1      | dondy the Merfolk Ice Elementalist began the quest for the
                  | Orb.
     0 | D:1      | Reached XP level 1. HP: 13/13 MP: 3/3
   320 | D:1      | Reached XP level 2. HP: 8/19 MP: 1/5
   790 | D:1      | Reached skill level 4 in Ice Magic
   921 | D:1      | Reached XP level 3. HP: 24/24 MP: 3/6
   926 | D:1      | Learned a level 3 spell: Ozocubu's Armour
  1989 | D:2      | Reached XP level 4. HP: 30/30 MP: 3/8
  2107 | D:2      | Quit the game

Vault maps used:
D:1:      ncdulo_smallfort

Skill      XL: |  1  2  3  4 |
---------------+-------------+-----
Ice Magic      | 4 |  4.4
Spellcasting   | 3 |  3.0
Dodging        | |  2.9
Stealth        | |  2.1
Conjurations   | |  0.7

Action                   |  1- 3 |  4- 6 || total
-------------------------+-------+-------++-------
Melee: Unarmed           |       |     8 ||     8
 Cast: Freeze            |    66 |     4 ||    70
       Ozocubu's Armour  |       |     1 ||     1
  Use: Scroll            |       |     4 ||     4
  Eat: Chunk             |     4 |       ||     4
Armor: Robe              |    13 |     5 ||    18
Dodge: Dodged            |    36 |    11 ||    47

Table legend:
 A = Non-vault XP
 B = Vault XP
 C = Vault XP percentage of total XP
 D = Non-vault monster count
 E = Vault monster count
 F = Vault count percentage of total count
                 A         B        C        D         E       F
            +---------+---------+-------+---------+---------+-------
      Total |      87 |       0 |   0.0 |      36 |       0 |   0.0
            +---------+---------+-------+---------+---------+-------
        D:1 |      52 |       0 |   0.0 |      20 |       0 |   0.0
        D:2 |      35 |       0 |   0.0 |      16 |       0 |   0.0
            +---------+---------+-------+---------+---------+-------
